 Dungeon Crawl Stone Soup version 0.23.1-38-g628c18f423 (webtiles) character file.

Game seed: 5414252443349054635

107 Peloso the Shield-Bearer (level 4, 0/40 HPs)
             Began as a Minotaur Fighter on Mar 29, 2019.
             Killed from afar by Ijyb (10 damage)
             ... with a wand of acid (8)
             ... on level 3 of the Dungeon.
             The game lasted 00:02:40 (1724 turns).

Peloso the Shield-Bearer (Minotaur Fighter)         Turns: 1724, Time: 00:02:41

Health: 0/40       AC:  5    Str: 24 (26) XL:     4   Next: 57%
Magic:  3/3        EV:  6    Int:  4 (5)  God:
Gold:   85         SH:  9    Dex:  7 (10) Spells: 3/3 levels left

rFire    . . .     SeeInvis .   a - +0 long sword
rCold    . . .     Gourm    .   c - +0 shield
rNeg     . . .     Faith    .   e - +0 chain mail
rPois    .         Spirit   .   (helmet restricted)
rElec    .         Reflect  .   (no cloak)
rCorr    .         Harm     .   (no gloves)
MR       .....                  (no boots)
Stlth    ..........             (no amulet)
HPRegen  0.13/turn              (no ring)
MPRegen  0.08/turn              (no ring)

@: mighty, corroded
A: retaliatory headbutt, horns 2
a: no special abilities


You were on level 3 of the Dungeon.
You were not hungry.

You visited 1 branch of the dungeon, and saw 3 of its levels.

You collected 85 gold pieces.

Inventory:

Hand Weapons
 a - a +0 long sword (weapon)
Armour
 b - a +0 scale mail
 c - a +0 shield (worn)
 e - a +0 chain mail (worn)
Scrolls
 g - a scroll of amnesia {unknown}
 h - a scroll of random uselessness {unknown}
 k - a scroll of teleportation {unknown}
 m - 2 scrolls of remove curse {unknown}
 o - a scroll of identify {unknown}
Potions
 j - a potion of degeneration
 l - a potion of brilliance {unknown}
Comestibles
 f - a ration


   Skills:
 + Level 4.2 Fighting
 + Level 4.0 Long Blades
 + Level 4.3 Armour
 + Level 0.6 Dodging
 + Level 4.4 Shields


You had 3 spell levels left.
You didn't know any spells.
Your spell library was empty.

Dungeon Overview and Level Annotations

Branches:
Dungeon (3/15)

Altars:

Annotations:
D:3 Ijyb


Innate Abilities, Weirdness & Mutations

You reflexively headbutt those who attack you in melee.
You have a pair of horns on your head.


Message History

The bullfrog skeleton barely misses you. x2
Your shield and chain mail prevent you from hitting the bullfrog skeleton.
You headbutt the bullfrog skeleton!
The bullfrog skeleton is severely damaged.
The bullfrog skeleton barely misses you.
You furiously retaliate!
You headbutt the bullfrog skeleton!
You destroy the bullfrog skeleton!
You feel your strength returning.
Your Long Blades skill increases to level 4!
Ijyb hits you.
* * * LOW HITPOINT WARNING * * *
You barely miss Ijyb. You headbutt Ijyb.
Ijyb is lightly wounded.
Ijyb screams, "I cut your head off!" Ijyb closely misses you.
You furiously retaliate!
You headbutt Ijyb, but do no damage. You closely miss Ijyb.
Ijyb is lightly wounded.
Ijyb zaps a wand.
The bolt of acid hits you!
You die...

#. ########
####.####......###
#...........#..... .
.....#.##.#....### ..
#.#..#.##....#.#
.##.#.......##.#.#
...#.##.##.##.#.# .
#.#.##.........#
....##@.....#########
.....$.g..####
#######.### #.# ...
.... ..... .......
#.....


You could see Ijyb.

Vanquished Creatures
  A bullfrog skeleton (D:3)
  2 adders (D:2)
  An ooze (D:2)
  3 worms (D:2)
  2 dart slugs (D:1)
  A leopard gecko (D:1)
  A goblin (D:2)
  6 hobgoblins
  3 jackals (D:3)
  6 kobolds
  5 bats
  4 frilled lizards (D:2)
  11 rats
46 creatures vanquished.

Notes
Turn   | Place    | Note
-------+----------+-------------------------------------------
     0 | D:1      | Peloso the Minotaur Fighter began the quest for the Orb.
     0 | D:1      | Reached XP level 1. HP: 19/19 MP: 0/0
    42 | D:1      | Reached XP level 2. HP: 27/27 MP: 1/1
   787 | D:2      | Reached XP level 3. HP: 32/33 MP: 2/2
  1248 | D:2      | Reached XP level 4. HP: 39/40 MP: 3/3
  1715 | D:3      | Noticed Ijyb
  1724 | D:3      | Killed from afar by Ijyb

Skill      XL: |  1  2  3  4 |
---------------+-------------+-----
Shields        | 4 |  4.4
Fighting       | 4 |  4.2
Armour         | 4 |  4.3
Long Blades    | 3 4 |  4.0
Dodging        | |  0.6

Action                   |  1- 3 |  4- 6 || total
-------------------------+-------+-------++-------
Melee: Long sword        |    98 |    17 ||   115
       Headbutt          |    13 |     5 ||    18
  Use: Potion            |       |     3 ||     3
  Eat: Chunk             |       |     3 ||     3
Armor: Scale mail        |     4 |       ||     4
       Chain mail        |    55 |    11 ||    66
Dodge: Dodged            |    32 |     5 ||    37
Block: Shield            |    56 |     5 ||    61
       Rpst.: Long sword |     6 |       ||     6
